 Dungeon Crawl Stone Soup version 0.28-a0-1506-g3893175d92 (webtiles) character file.

Game seed: 1835269160262115558

46 croobank the Insei (level 3, -1/29 HPs)
             Began as a Draconian Transmuter on Jan 14, 2022.
             Succumbed to a scorpion's poison
             ... on level 3 of the Dungeon.
             The game lasted 00:04:55 (1755 turns).

croobank the Insei (Draconian Transmuter)           Turns: 1755, Time: 00:04:55

Health: -1/29      AC:  5    Str: 12    XL:     3   Next: 46%
Magic:  4/6        EV: 12    Int: 13    God:
Gold:   62         SH:  0    Dex: 13    Spells: 3/6 levels left

rFire   . . .      SeeInvis .   k - +0 hand axe
rCold   . . .      Faith    .   (no shield)
rNeg    . . .      Spirit   .   (armour unavailable)
rPois   .          Reflect  .   (helmet currently unavailable)
rElec   .          Harm     .   (no cloak)
rCorr   .          Rampage  .   (no gloves)
Will    .....                   (boots currently unavailable)
Stlth   +.........              j - amulet of regeneration
HPRegen 0.89/turn               (no ring)
MPRegen 0.10/turn               (no ring)

@: lethally poisoned (-1 -> -12), appendages (expiring), wereblooded, flying
A: horns 2, talons 2, AC +5, unfitting armour, cold-blooded
a: End Transformation


You were on level 3 of the Dungeon.
You had temporarily grown beastly horns and talons.
You visited 1 branch of the dungeon, and saw 3 of its levels.

You collected 62 gold pieces.

Inventory:

Hand Weapons
 b - a +0 whip
 k - a +0 hand axe (weapon)
Missiles
 a - 21 arrows
 c - 31 stones
 d - 5 poisoned darts (quivered)
Jewellery
 j - an amulet of regeneration (around neck)
Scrolls
 e - a scroll of amnesia {unknown}
 f - a scroll of teleportation {unknown}
 g - a scroll of blinking
 i - a scroll of fog {unknown}
Potions
 l - a potion of invisibility {unknown}


   Skills:
 + Level 1.9 Fighting
 + Level 2.2 Dodging
 - Level 3.2 Unarmed Combat
 + Level 2.3 Spellcasting
 + Level 0.5 Translocations
 + Level 2.4 Transmutations


You had 3 spell levels left.
You knew the following spells:

 Your Spells              Type           Power      Damage    Failure   Level
a - Beastly Appendage     Tmut           14%        N/A       9%          1
b - Wereblood             Tmut           7%         N/A       14%         2

Your spell library contained the following spells:

 Spells                   Type           Power      Damage    Failure   Level
 Blink                    Tloc           4%         N/A       30%         2
 Spider Form              Tmut/Pois      4%         N/A       41%         3
 Lesser Beckoning         Tloc           2%         N/A       52%         3
 Ice Form                 Ice/Tmut       4%         N/A       83%         4
 Manifold Assault         Tloc           2%         N/A       99%         5


Dungeon Overview and Level Annotations

Branches:
Dungeon (3/15)

Altars:


Innate Abilities, Weirdness & Mutations

You have temporarily grown beastly horns and talons.
Your plain brown scales are hard. (AC +5)
You cannot fit into any form of body armour.
You are cold-blooded and may be slowed by cold attacks.


Message History

An adder comes into view.
The adder hisses angrily.
Casting: Beastly Appendage (safe; 9% risk of failure)
Confirm with . or Enter, or press ? or * to list all spells.
Your blood is infused with primal strength.
You miss the goblin. You claw the goblin.
You kill the goblin!
An endoplasm comes into view.
The scorpion stings you.
Your transformation is almost over.
You hit the scorpion. Your kick misses the scorpion. You headbutt the scorpion.
The scorpion is moderately wounded.
The scorpion barely misses you.
You hit the scorpion. You claw the scorpion.
The scorpion is heavily wounded.
The scorpion stings you but does no damage.
The scorpion stings you!
You hit the scorpion.
You claw the scorpion, but do no damage.
The scorpion is severely wounded.
The scorpion closely misses you. The scorpion barely misses you.
You hit the scorpion but do no damage. Your headbutt misses the scorpion.
Your tail-slap misses the scorpion.
The scorpion is severely wounded.
The scorpion stings you.
You are poisoned.
The scorpion poisons you!
You hit the scorpion but do no damage.
The scorpion is severely wounded.
You feel very sick. The scorpion stings you.
* * * LOW HITPOINT WARNING * * *
The scorpion stings you.
* * * LOW HITPOINT WARNING * * *
You are more poisoned.
The scorpion poisons you!
It was a potion of flight.
You feel very buoyant.
You fly up into the air.
You die...

.........'.'......#
#........#.#......#
+.......##.##'#####
##...###.##.##........
.........##.##........
.........##.##.......#
.........##.#.........
.........##.##########
.........@.......
..######s######## .
#S....... #........
#........ .........
#.......J #........
#........


You could see a scorpion and an adder.

Vanquished Creatures
  An adder (D:2)
  A ball python (D:2)
  4 endoplasms
  4 giant cockroaches
  3 goblins
  4 hobgoblins
  2 jackals (D:1)
  A quokka (D:2)
  3 bats
  2 frilled lizards
  5 kobolds
  3 rats
33 creatures vanquished.

Vanquished Creatures (others)
  A fungus (D:1)
  2 plants (D:1)
3 creatures vanquished.

Grand Total: 36 creatures vanquished

Notes
Turn   | Place    | Note
-------+----------+-------------------------------------------
     0 | D:1      | croobank the Draconian Transmuter began the quest for the
                  | Orb.
     0 | D:1      | Reached XP level 1. HP: 16/16 MP: 3/3
   320 | D:1      | Reached XP level 2. HP: 23/23 MP: 3/5
   323 | D:1      | Learned a level 2 spell: Wereblood
   548 | D:1      | Found a faded altar of an unknown god.
   978 | D:2      | Reached XP level 3. HP: 25/29 MP: 4/6
  1745 | D:3      | Noticed a scorpion
  1755 | D:3      | Succumbed to a scorpion's poison

Illustrated notes

Levels and vault maps discovered:
D:1:      dpeg_arrival_tiny_b, layout_loops_ring,
          shapermc_ecumenical_altar_mp_urbaneastern
D:2:      layout_loops_ring
D:3:      layout_basic, mainiacjoe_overflow_swirl, serial_shops,
          nicolae_shop_waterfront

Skill      XL: |  1  2 |
---------------+-------+-----
Dodging        | 2 |  2.2
Fighting       | |  1.9
Unarmed Combat | |  3.2
Spellcasting   | |  2.3
Translocations | |  0.5
Transmutations | |  2.4

Action                   || total
-------------------------++-------
Melee: Unarmed           ||    22
       Tailslap          ||    10
       Headbutt          ||     9
       Kick              ||    16
       Whip              ||    51
       Hand axe          ||    18
 Cast: Beastly Appendage ||    26
       Wereblood         ||     2
  Use: Scroll            ||     1
       Potion            ||     1
 Stab: Sleeping          ||     1
Armor: Skin              ||    37
Dodge: Dodged            ||    61

Table legend: (Time is in decaauts)
 A = Elapsed time spent in this place.
 B = Non-inter-level travel time spent in this place.
 C = Inter-level travel time spent in this place.
 D = Time resting spent in this place.
 E = Time spent auto-exploring this place.
 F = Levels seen in this place.
 G = Mean time per level.
                   A        B        C        D        E       F      G
               +--------+--------+--------+--------+--------+-----+--------+
         Total |   1762 |   1682 |     80 |     86 |   1264 |   3 |  587.3 |
       Dungeon |   1762 |   1682 |     80 |     86 |   1264 |   3 |  587.3 |
               +--------+--------+--------+--------+--------+-----+--------+

Top non-repeatable levels by time:
     D:2: 890 daAuts
     D:1: 827 daAuts
     D:3: 44 daAuts
